 Dungeon Crawl Stone Soup version 0.28.0 (webtiles) character file.

Game seed: 2085794305425767709

458 AmazingTV the Skirmisher (level 6, -12/56 HPs)
             Began as a Minotaur Fighter on July 7, 2022.
             Was an Initiate of Okawaru.
             Mangled by an ogre (24 damage)
             ... on level 5 of the Dungeon.
             The game lasted 00:10:01 (4076 turns).

AmazingTV the Skirmisher (Minotaur Fighter)         Turns: 4076, Time: 00:10:02

Health: -12/56     AC:  7    Str: 23    XL:     6   Next: 77%
Magic:  5/5        EV:  9    Int:  5    God:    Okawaru [......]
Gold:   224        SH:  4    Dex:  9    Spells: 5/5 levels left

rFire   . . .      SeeInvis .   a - +0 flail {mace}
rCold   . . .      Faith    .   c - +0 buckler
rNeg    . . .      Spirit   .   b - +0 scale mail
rPois   .          Reflect  .   (helmet restricted)
rElec   .          Harm     .   (no cloak)
rCorr   .          Rampage  .   (no gloves)
Will    .....                   (no boots)
Stlth   ..........              (no amulet)
HPRegen 0.18/turn               (no ring)
MPRegen 0.09/turn               (no ring)

@: no status effects
A: horns 2, retaliatory headbutt
a: Renounce Religion


You were on level 5 of the Dungeon.
You worshipped Okawaru.
Okawaru was noncommittal.
You visited 2 branches of the dungeon, and saw 6 of its levels.

You collected 224 gold pieces.


Innate Abilities, Weirdness & Mutations

You have a pair of horns on your head.
You reflexively headbutt those who attack you in melee.


   Skills:
 + Level 5.1 Fighting
 + Level 3.1(4.2) Axes
 + Level 4.2(4.8) Maces & Flails
 + Level 2.3 Throwing
 + Level 5.0 Armour
 + Level 5.0 Shields


You had 5 spell levels left.
You didn't know any spells.
Your spell library contained the following spells:

 Spells                   Type           Power      Damage    Failure   Level
 Sting                    Tmut/Pois      0%         1d3       86%         1
 Poisonous Vapours        Pois/Air       0%         N/A       94%         2
 Stone Arrow              Conj/Erth      0%         3d7       99%         3
 Olgreb's Toxic Radiance  Pois           0%         N/A       100%        4
 Passage of Golubria      Tloc           0%         N/A       100%        4
 Silence                  Hex/Air        0%         N/A       100%        5
 Lehudib's Crystal Spear  Conj/Erth      0%         10d2      100%        8
 Animate Armour           Summ/Erth      Unusable   N/A       N/A         4

Inventory:

Hand Weapons
 a - a +0 flail (weapon) {mace}
 q - a +1 dagger of venom {short}
   (You took it off a kobold on level 3 of the Dungeon)
Missiles
 g - 85 stones
 h - 9 atropa-tipped darts
 k - 13 poisoned darts (quivered)
 p - 58 arrows
 s - 42 bolts
 v - 12 sling bullets
 A - 2 javelins
Armour
 b - a +0 scale mail (worn)
 c - a +0 buckler (worn)
 y - an orb of light
   (You found it on level 4 of the Dungeon)
 B - a +0 robe of willpower
   (You found it on level 4 of the Dungeon)
Magical Staves
 E - a staff of cold {!astaff}
   (You found it on level 5 of the Dungeon)
Jewellery
 e - a ring of protection from cold
   (You took it off a hobgoblin on level 1 of the Dungeon)
Wands
 t - a wand of iceblast (22)
   (You found it on level 3 of the Dungeon)
 w - a wand of polymorph (4)
   (You found it on level 3 of the Dungeon)
Scrolls
 f - 2 scrolls of identify {unknown}
 i - 2 scrolls of blinking {unknown}
 l - a scroll of silence {unknown}
 m - 2 scrolls of holy word {unknown}
 o - 2 scrolls of noise {unknown}
 r - a scroll of fog {unknown}
 u - a scroll of teleportation {unknown}
 x - a scroll of fear {unknown}
 z - a scroll of immolation {unknown}
 C - a scroll of amnesia {unknown}
Potions
 d - a potion of might
 j - 2 potions of brilliance {unknown}
 n - 2 potions of flight {unknown}
 D - a potion of resistance {unknown}

Dungeon Overview and Level Annotations

Branches:
Dungeon (5/15)             Temple (1/1) D:5

Altars:
Ashenzari
Cheibriados
Dithmenos
Fedhas
Gozag
Hepliaklqana
Kikubaaqudgha
Makhleb
Nemelex Xobeh
Okawaru
Qazlal
Ru
Sif Muna
Trog
Uskayaw
Vehumet
Wu Jian
Xom
Yredelemnul
Zin
The Shining One

Annotations:
D:4 1 runed translucent door, DrBrontosaurus's ghost, amateur GnMo

.#####.###############
.##..................########
.##.##.########.............#
.##.##.# #.......######.#####
...<†..# ##...#####.........#
###.#### ##.## #.###.###.# #.#
#.# #.# #.# #.# ... # #.# ##@##
#.# # #.###########O..## #.# #
####..$...##.....## #####.#####
###?..##....#.......###.........#
.#....[###...........##.#...###.#
..#...#..............'.......##<#
..#####..#...........##.#....##.#
..#...#.##..#.......###.##...##.#
.#....(# #..##.....## #.##...##.#


You could see an ogre.


Message History

There is an iron altar of Okawaru here.
You kneel at the altar of Okawaru.
Okawaru welcomes you!
Found an ornate altar of the Wu Jian Council.
Found a shimmering altar of Xom.
Found a hazy altar of Hepliaklqana.
Found a snail-covered altar of Cheibriados.
Found a glowing silver altar of Zin.
Found an ancient bone altar of Kikubaaqudgha.
Found a blossoming altar of Fedhas.
Found a basalt altar of Yredelemnul.
Found a radiant altar of Vehumet.
Found a shadowy altar of Dithmenos.
Found a glowing golden altar of the Shining One.
Done exploring.
Done exploring.
There is a staircase back to the Dungeon here.
You can't go down here!
You climb upwards.
Welcome back to the Dungeon!
There is a staircase to the Ecumenical Temple here.
A centaur zombie comes into view.
You thump the centaur zombie! The centaur zombie closely misses you.
The centaur zombie barely misses you. The centaur zombie hits you.
The centaur zombie kicks you but does no damage. 😕 HP[-1]
You take 1 damage, and now have 55/56 hp.
You thump the centaur zombie!
The centaur zombie hits you but does no damage.
The centaur zombie kicks you but does no damage.
You hit the centaur zombie. You headbutt the centaur zombie.
The centaur zombie hits you but does no damage.
The centaur zombie completely misses you. x2
You furiously retaliate!
You headbutt the centaur zombie!
You destroy the centaur zombie!
Okawaru accepts your kill.
Your Armour skill increases to level 5!
Your Shields skill increases to level 5! 😎 HP[+1]
Your hp is fully restored (56).
C - a scroll labelled NOSUEGH IHAUQO No target in view!
You now have 211 gold pieces (gained 15).
k - 15 poisoned darts (gained 5)
D - a metallic white potion You now have 224 gold pieces (gained 13).
A howler monkey zombie comes into view.
You sock the howler monkey zombie!
Your headbutt misses the howler monkey zombie.
You block the howler monkey zombie's attack.
You sock the howler monkey zombie!
You destroy the howler monkey zombie!
Okawaru accepts your kill.
E - a staff of cold {!astaff} An ogre comes into view.
It is wielding a +0 giant club.
The ogre shouts!
You barely miss the ogre.
The ogre hits you with a +0 giant club! 😕 HP[-11]
You take 11 damage, and now have 45/56 hp.
You sock the ogre! Your headbutt misses the ogre. The ogre barely misses you.
You barely miss the ogre. Your headbutt misses the ogre.
The ogre hits you with a +0 giant club!
* * * LOW HITPOINT WARNING * * *
😨 HP[-17]
You take 17 damage, and now have 28/56 hp.
MASSIVE DAMAGE!! (PAUSE) 😮 HP[+1] 😮 HP[+1]
You are too injured to fight recklessly!
Throw: 15 darts (poison)
Press: ? - help, Q - select action, (/) - cycle Shift-Dir - straight line, f - ogre
Aim: an ogre, wielding a +0 giant club (moderately wounded, 73% to hit)
You throw a poisoned dart. The poisoned dart hits the ogre.
The ogre is poisoned.
The ogre hits you with a +0 giant club!
* * * LOW HITPOINT WARNING * * *
😱 HP[-17]
You take 17 damage, and now have 13/56 hp.
MASSIVE DAMAGE!! (PAUSE) 😱 HP[+1] 😨 HP[+1]
The ogre looks more healthy. 😨 HP[+1] Throw: 14 darts (poison)
Press: ? - help, Q - select action, (/) - cycle Shift-Dir - straight line, f/p - ogre
Aim: an ogre, wielding a +0 giant club (severely wounded, 73% to hit)
You throw a poisoned dart. The poisoned dart hits the ogre.
The ogre is poisoned.
The ogre hits you with a +0 giant club!
* * * LOW HITPOINT WARNING * * *
😱 HP[-10]
You take 10 damage, and now have 6/56 hp. 😱 HP[+1] 😱 HP[+1] 😱 HP[+1] 😱 HP[+1]
You see here 8 gold pieces. 😱 HP[+1] 😱 HP[+1]
The ogre hits you with a +0 giant club!!
You die...

Skill      XL: |  1  2  3  4  5  6 |
---------------+-------------------+-----
Axes           | 1 2 3 |  3.1
Fighting       | 4 5 |  5.1
Shields        | 4 5 |  5.0
Armour         | 4 5 |  5.0
Maces & Flails | 3 4 |  4.2
Throwing       | 1 2 |  2.3

Action                   |  1- 3 |  4- 6 || total
-------------------------+-------+-------++-------
Melee: Flail             |    78 |   177 ||   255
       Headbutt          |    10 |    22 ||    32
Throw: Dart              |       |     7 ||     7
Armor: Scale mail        |    47 |    82 ||   129
Dodge: Dodged            |    31 |    79 ||   110
Block: Buckler           |    27 |    32 ||    59

Levels and vault maps discovered:
D:1:      ncdulo_lavacross, layout_rooms
D:2:      layout_basic, uniq_jessica
D:3:      wander_river, layout_rooms, minmay_misc_feat_rows,
          serial_bayou_crossing
D:4:      layout_loops_cross, ebering_ghost_sewer_d, nicolae_grassy_gnolls
D:5:      nicolae_cairo_tiling, layout_loops_corners,
          minmay_temple_entry_statues_pillars, nicolae_shop_unique_rings,
          uniq_sigmund
Temple:   compressed_dpeg_circular_temple

Notes
Turn   | Place    | Note
-------+----------+-------------------------------------------
     0 | D:1      | AmazingTV the Minotaur Fighter began the quest for the Orb.
     0 | D:1      | Reached XP level 1. HP: 19/19 MP: 0/0
     0 | D:1      | magus.rc [v1.9.6]
   136 | D:1      | Reached XP level 2. HP: 27/27 MP: 1/1
   266 | D:1      | Reached skill level 1 in Axes
   420 | D:1      | Reached skill level 4 in Fighting
   518 | D:1      | Reached XP level 3. HP: 33/33 MP: 2/2
   522 | D:1      | Reached skill level 4 in Shields
   624 | D:2      | Reached skill level 4 in Armour
   629 | D:2      | You pick up a book of Armaments and begin reading...
   629 | D:2      | You add the spells Stone Arrow, Animate Armour and
                  | Lehudib's Crystal Spear to your library.
   637 | D:2      | Noticed Jessica
   641 | D:2      | Killed Jessica
   642 | D:2      | Reached skill level 3 in Maces & Flails
   753 | D:2      | Reached XP level 4. HP: 40/40 MP: 3/3
  1264 | D:2      | Reached skill level 1 in Throwing
  1628 | D:3      | You pick up a book of the Moon and begin reading...
  1628 | D:3      | You add the spells Passage of Golubria and Silence to your
                  | library.
  1727 | D:3      | Reached skill level 2 in Axes
  1731 | D:3      | Reached XP level 5. HP: 43/47 MP: 4/4
  2509 | D:4      | Found a runed translucent door.
  2604 | D:4      | Noticed DrBrontosaurus's ghost (amateur GnMo)
  2628 | D:4      | Reached XP level 6. HP: 42/53 MP: 5/5
  2833 | D:4      | Reached skill level 4 in Maces & Flails
  2834 | D:4      | Reached skill level 2 in Throwing
  3030 | D:4      | You add the spells Sting, Poisonous Vapours and Olgreb's
                  | Toxic Radiance to your library.
  3420 | D:5      | Entered Level 5 of the Dungeon
  3514 | D:5      | Reached skill level 5 in Fighting
  3780 | D:5      | Found a staircase to the Ecumenical Temple.
  3798 | D:5      | Reached skill level 3 in Axes
  3803 | Temple   | Entered the Ecumenical Temple
  3830 | Temple   | Became a worshipper of Warmaster Okawaru
  3933 | D:5      | Reached skill level 5 in Armour
  3933 | D:5      | Reached skill level 5 in Shields
  4029 | D:5      | HP: 13/56 [ogre (17)]
  4043 | D:5      | HP: 6/56 [ogre (10)]
  4076 | D:5      | Mangled by an ogre

Vanquished Creatures
  A scorpion (D:4)
  A water moccasin skeleton (D:5)
  A centaur zombie (D:5)
  An orc priest (D:2)
  An iguana (D:5)
  A gnoll shaman (D:4)
  Jessica (D:2)
  2 orc wizards (D:3)
  3 gnolls (D:4)
  A howler monkey zombie (D:5)
  4 adders
  An adder skeleton (D:4)
  2 dart slugs
  6 orcs
  7 endoplasms
  3 giant cockroaches
  6 goblins
  7 hobgoblins
  2 jackals (D:1)
  2 quokkas
  8 ball pythons
  8 bats
  2 frilled lizards (D:1)
  9 kobolds
  10 rats
90 creatures vanquished.

Vanquished Creatures (others)
  5 plants
5 creatures vanquished.

Grand Total: 95 creatures vanquished

Table legend:
 A = Non-vault XP
 B = Vault XP
 C = Vault XP percentage of total XP
 D = Non-vault monster count
 E = Vault monster count
 F = Vault count percentage of total count
                 A         B        C        D         E       F
            +---------+---------+-------+---------+---------+-------
      Total |     536 |     119 |  18.2 |      85 |       5 |   5.6
            +---------+---------+-------+---------+---------+-------
        D:1 |      45 |       0 |   0.0 |      28 |       0 |   0.0
        D:2 |      82 |      37 |  31.1 |      21 |       1 |   4.5
        D:3 |     128 |       0 |   0.0 |      24 |       0 |   0.0
        D:4 |     119 |      82 |  40.8 |       8 |       4 |  33.3
        D:5 |     162 |       0 |   0.0 |       4 |       0 |   0.0
            +---------+---------+-------+---------+---------+-------

Illustrated notes

Table legend:
 A = Kills in this place as a percentage of kills in entire the game.
 B = Kills by you in this place as a percentage of kills by you in the entire game.
 C = Kills by friends in this place as a percentage of kills by friends in the entire game.
 D = Other kills in this place as a percentage of other kills in the entire game.
 E = Experience gained in this place as a percentage of experience gained in the entire game.
 F = Experience gained in this place divided by the number of levels of this place that you have seen.
                   A       B       C       D       E      F
               +-------+-------+-------+-------+-------+----------------------
         Total | 100.0 | 100.0 |   N/A |   N/A | 100.0 | 109.2
       Dungeon | 100.0 | 100.0 |   N/A |   N/A | 100.0 | 131.0
               +-------+-------+-------+-------+-------+----------------------

Table legend: (Time is in decaauts)
 A = Elapsed time spent in this place.
 B = Non-inter-level travel time spent in this place.
 C = Inter-level travel time spent in this place.
 D = Time resting spent in this place.
 E = Time spent auto-exploring this place.
 F = Levels seen in this place.
 G = Mean time per level.
                   A        B        C        D        E       F      G
               +--------+--------+--------+--------+--------+-----+--------+
         Total |   4172 |   4021 |    151 |    559 |   2619 |   6 |  695.3 |
       Dungeon |   4071 |   3933 |    138 |    559 |   2551 |   5 |  814.2 |
        Temple |    100 |     87 |     13 |      0 |     68 |   1 |  100.0 |
               +--------+--------+--------+--------+--------+-----+--------+

Top non-repeatable levels by time:
     D:4: 951 daAuts
     D:3: 918 daAuts
     D:2: 917 daAuts
     D:1: 724 daAuts
     D:5: 559 daAuts
  Temple: 100 daAuts
